 Dungeon Crawl Stone Soup version 0.25-a0-668-gea548f19b6 (webtiles) character file.

Game seed: 11734487759465546672, levelgen mode: deterministic

278897 erloom the Wrestler (level 20, -11/177 HPs)
             Began as a Ghoul Monk on Mar 26, 2020.
             Was the Champion of Makhleb.
             Mangled by a deep troll (25 damage)
             ... led by an ironheart preserver
             ... on level 3 of the Vaults on Mar 28, 2020.
             The game lasted 02:39:06 (39337 turns).

erloom the Wrestler (Ghoul Monk)                   Turns: 39337, Time: 02:39:07

Health: -11/177    AC: 30    Str: 21    XL:     20   Next: 43%
Magic:  16/26      EV: 11    Int: 11    God:    Makhleb [******]
Gold:   1165       SH: 19    Dex:  9    Spells: 19/19 levels left

rFire    + + +     SeeInvis +     - Unarmed
rCold    + + .     Gourm    .   L - +2 kite shield {AC+3}
rNeg     + + +     Faith    .   f - +7 chain mail of the Country {*Corrode +Fly rF+++ Dex-2}
rPois    ∞         Spirit   .   q - +2 helmet
rElec    .         Reflect  +   u - scarf {rC+ rF+}
rCorr    .         Harm     .   D - +0 pair of gloves of Hedge Wizardry {rF+ Regen+}
MR       +....                  Z - +2 pair of boots {Fly}
Stlth    ..........             G - +4 amulet of reflection
HPRegen  0.00/turn              V - +3 ring of strength
MPRegen  0.20/turn              R - ring of see invisible

@: flying, rotting
A: rotting body, claws 1, carnivore, cold resistance 1, negative energy
resistance 3, inhibited regeneration, torment resistance, unbreathing
}: 2/15 runes: serpentine, barnacled
a: Minor Destruction, Lesser Servant of Makhleb, Major Destruction, Greater
Servant of Makhleb, Renounce Religion, Stop Flying


You were on level 3 of the Vaults.
You worshipped Makhleb.
Makhleb was exalted by your worship.
You were not hungry.

You visited 7 branches of the dungeon, and saw 35 of its levels.
You also visited: Sewer and Ice Cave.

You collected 3561 gold pieces.
You spent 2396 gold pieces at shops.

Inventory:

Hand Weapons
 a - a +5 vorpal fustibalus
Missiles
 e - 27 silver javelins (quivered)
 j - 1464 stones
 k - 376 sling bullets
 K - 9 silver boomerangs
 X - 2 throwing nets
Armour
 f - the +7 chain mail of the Country (worn) {*Corrode +Fly rF+++ Dex-2}
   (You bought it in a shop on level 2 of the Orcish Mines)

   It affects your dexterity (-2).
   It renders you almost immune to fire.
   It lets you fly.
   It may corrode you when you take damage.
 p - the +5 ring mail "Gouzu" {rElec rPois Str+5 Int-3}
   (You bought it in a shop on level 4 of the Shoals)

   It affects your strength (+5).
   It affects your intelligence (-3).
   It insulates you from electricity.
   It protects you from poison.
 q - a +2 helmet (worn)
 u - a scarf of resistance (worn)
 C - the +3 ice dragon scales "Moliaw" {-Tele rF- rC++ rN+ MR+ Dex+2}
   (You found it in an ice cave)

   It affects your dexterity (+2).
   It makes you vulnerable to fire.
   It greatly protects you from cold.
   It protects you from negative energy.
   It affects your resistance to hostile enchantments.
   It prevents most forms of teleportation.
 D - the +0 pair of gloves of Hedge Wizardry (worn) {rF+ Regen+}
   (You bought it in a shop on level 2 of the Orcish Mines)

   It protects you from fire.
   It increases your rate of regeneration.
 L - a +2 kite shield of protection (worn)
 T - a +0 tower shield
 Z - a +2 pair of boots of flying (worn)
Jewellery
 G - a +4 amulet of reflection (around neck)
 R - a ring of see invisible (right hand)
 V - a +3 ring of strength (left hand)
 Y - an uncursed ring of wizardry
Wands
 n - a wand of iceblast (31)
 A - a wand of digging (10)
 F - a wand of disintegration (23)
 N - a wand of acid (3)
Scrolls
 c - 5 scrolls of magic mapping
 d - a scroll of brand weapon
 g - 3 scrolls of summoning
 h - 14 scrolls of remove curse
 i - 9 scrolls of amnesia
 m - 5 scrolls of immolation
 r - 22 scrolls of teleportation
 y - 4 scrolls of fear
 E - 2 scrolls of torment
 J - 6 scrolls of enchant armour
 M - 3 scrolls of identify
 O - 6 scrolls of fog
 P - 3 scrolls of blinking
 Q - 3 scrolls of silence
Potions
 l - 3 potions of brilliance
 o - 2 potions of heal wounds
 s - 5 potions of stabbing
 t - a potion of invisibility
 v - 3 potions of haste
 w - 15 potions of curing
 x - 3 potions of resistance
 B - a potion of magic
 H - 6 potions of flight
 S - 3 potions of might
 W - a potion of ambrosia {unknown}
Miscellaneous
 I - a crystal ball of energy
Comestibles
 b - 54 rations
 z - 34 chunks of flesh


   Skills:
 + Level 14.8 Fighting
 + Level 8.0 Slings
 + Level 11.8 Armour
 + Level 9.4 Dodging
 - Level 2.1 Stealth
 - Level 14.0 Shields
 - Level 22.7 Unarmed Combat
 - Level 10.0 Invocations
 - Level 2.0 Evocations


You had 19 spell levels left.
You didn't know any spells.
Your spell library contained the following spells:

 Spells                   Type           Power        Failure   Level  Hunger
 Animate Skeleton         Necr           N/A          94%         1    ##.....
 Apportation              Tloc           #.....       94%         1    ##.....
 Corona                   Hex            #......      94%         1    ##.....
 Pain                     Necr           #...         94%         1    ##.....
 Sting                    Tmut/Pois      #...         94%         1    ##.....
 Summon Butterflies       Summ           #.......     94%         1    ##.....
 Ensorcelled Hibernation  Hex/Ice        #.....       98%         2    ###....
 Poisonous Vapours        Pois/Air       #.....       98%         2    ###....
 Sticks to Snakes         Tmut           #.......     98%         2    ###....
 Call Canine Familiar     Summ           #.......     100%        3    ####...
 Confusing Touch          Hex            #.......     100%        3    ####...
 Dazzling Flash           Conj/Hex       #.....       100%        3    ####...
 Gell's Gravitas          Tloc           #.........   100%        3    ####...
 Ignite Poison            Fire/Tmut/Pois #.......     100%        3    ####...
 Lesser Beckoning         Tloc           #.........   100%        3    ####...
 Mephitic Cloud           Conj/Pois/Air  #.......     100%        3    ####...
 Static Discharge         Conj/Air       #.......     100%        3    ####...
 Tukima's Dance           Hex            #.......     100%        3    ####...
 Vampiric Draining        Necr           #.........   100%        3    ####...
 Animate Dead             Necr           N/A          100%        4    #####..
 Olgreb's Toxic Radiance  Pois           #.......     100%        4    #####..
 Petrify                  Tmut/Erth      #.......     100%        4    #####..
 Summon Ice Beast         Ice/Summ       #.......     100%        4    #####..
 Agony                    Necr           #.......     100%        5    ######.
 Alistair's Intoxication  Tmut/Pois      #.......     100%        5    ######.
 Bolt of Magma            Conj/Fire/Erth #.........   100%        5    ######.
 Borgnjor's Vile Clutch   Necr/Erth      #.........   100%        5    ######.
 Iskenderun's Battlesphe  Conj/Chrm      #.......     100%        5    ######.
 Lightning Bolt           Conj/Air       #.........   100%        5    ######.
 Metabolic Englaciation   Hex/Ice        #.........   100%        5    ######.
 Silence                  Hex/Air        #.........   100%        5    ######.
 Summon Mana Viper        Hex/Summ       #.......     100%        5    ######.
 Yara's Violent Unravell  Hex/Tmut       #.........   100%        5    ######.
 Darkness                 Hex            #.........   100%        6    #######
 Invisibility             Hex            #.......     100%        6    #######
 Iron Shot                Conj/Erth      #.........   100%        6    #######
 Shadow Creatures         Summ           N/A          100%        6    #######
 Orb of Destruction       Conj           #.........   100%        7    #######
 Spellforged Servitor     Conj/Summ      #.........   100%        7    #######
 Summon Hydra             Summ           #.........   100%        7    #######
 Ignition                 Fire           #.........   100%        8    #######
 Shatter                  Erth           #.........   100%        9    #######
 Tornado                  Air            #.........   100%        9    #######
 Beastly Appendage        Tmut           Unusable     N/A         1    N/A
 Spider Form              Tmut/Pois      Unusable     N/A         3    N/A
 Ice Form                 Ice/Tmut       Unusable     N/A         4    N/A
 Blade Hands              Tmut           Unusable     N/A         5    N/A

Dungeon Overview and Level Annotations

Branches:
Dungeon (15/15)            Temple (1/1) D:6            Lair (6/6) D:9
 Shoals (4/4) Lair:4        Snake (4/4) Lair:3        Slime (0/5) Lair:5
    Orc (2/2) D:9             Elf (0/3) Orc:2        Vaults (2/5) D:13
 Depths (0/5) D:15          Sewer (visited)           IceCv (visited)
  Crypt: Vaults:2-3

Altars:
Ashenzari
Cheibriados
Dithmenos
Fedhas
Hepliaklqana
Kikubaaqudgha
Makhleb
Okawaru
Qazlal
Ru
Uskayaw
Vehumet
Xom
Zin
Jiyva

Shops:
D:5 !   Orc:2 *=[[(   Shoals:1 *   Shoals:2 %   Shoals:4 [   Snake:2 *

Portals:
Trove: D:15 (give 7 potions of stabbing)

Annotations:
D:3 exclusion: downstairs


Innate Abilities, Weirdness & Mutations

Your body is rotting away.
You thrive on raw meat.
You are immune to poison.
You have sharp fingernails.
You are carnivorous and can eat meat at any time.
Your flesh is cold resistant. (rC+)
You are immune to negative energy. (rN+++)
You do not regenerate when monsters are visible.
You are immune to unholy pain and torment.
You can survive without breathing.


Message History

Unknown command.
You hit the vault warden but do no damage.
The vault warden is almost dead.
The centaur warrior is recalled.
The two-headed ogre is recalled.
The tengu reaver is recalled.
A centaur warrior comes into view.
A tengu reaver comes into view. It is wielding a +0 long sword.
The deep troll closely misses you.
The deep troll claws you but does no damage. x2
Unknown command.
A demon appears!
The vault warden activates a sealing rune.
You block the deep troll's attack. x3
A two-headed ogre comes into view.
It is wielding a +2 dire flail of holy wrath and a +0 giant club.
A demon appears!
You block the deep troll's attack. The deep troll closely misses you.
The deep troll completely misses you.
The vault warden hits you with a +3 battleaxe!!
* * * LOW HITPOINT WARNING * * *
The deep troll bites you!!
You die... #### ##...# .....# pQ...
Tc.

######p# #..43@T#
#......# #......#
#......# #.....
#..>...# #.....
#..<...# #.....
######++##### ....
#............####''#
#..#.........#.....####


You could see a vault warden, a tengu reaver, a centaur warrior, 2 deep trolls,
an ironbrand convoker, a friendly orange demon and a friendly smoke demon.

Vanquished Creatures
  An acid blob (Lair:5)
  Kirke (D:15)
  2 sphinxes
  2 krakens
  9 nagarajas
  Ilsuiw (Shoals:2)
  5 vault wardens
  The ghost of Bodu the Basher, a journeyman NaFi of Ashenzari (Lair:5)
  Aizul (Lair:3)
  3 stone giants
  3 ironheart preservers
  The ghost of Taunn the Eclecticist, a journeyman DEFE of Vehumet (Shoals:3)
  An entropy weaver (Vaults:3)
  A minotaur (Shoals:4)
  3 merfolk javelineers (Shoals:4)
  3 fire dragons
  3 merfolk impalers
  3 ettins (Orc:2)
  A great orb of eyes (Vaults:1)
  2 ice dragons
  4 vault guards (D:13)
  3 yaktaur captains
  Erolcha (D:12)
  3 rakshasas
  A hydra (shapeshifter) (Vaults:3)
  5 hydras
  26 anacondas
  6 centaur warriors
  14 naga warriors
  A merfolk avatar (Shoals:4)
  2 satyrs (Shoals:4)
  A merfolk aquamancer (Shoals:3)
  7 two-headed ogres
  3 ogre magi (Vaults:1)
  A catoblepas (Lair:6)
  3 death yaks (Lair:6)
  3 deep troll shamans
  4 tengu warriors
  Urug (D:12)
  5 shock serpents
  A deep elf knight (Vaults:1)
  Nergalle (Lair:1)
  16 naga sharpshooters
  3 salamander mystics
  A shadow wraith (Vaults:1)
  A fire crab (Lair:6)
  A deep troll (Vaults:3)
  4 skeletal warriors (D:14)
  A storm dragon skeleton (Vaults:3)
  7 sea snakes
  5 unseen horrors
  9 naga ritualists
  8 orc knights
  8 ironbrand convokers
  A lindwurm (Lair:5)
  A necromancer (Vaults:3)
  A flayed ghost (Vaults:1)
  6 mana vipers
  3 wizards
  A tengu zombie (Vaults:3)
  3 harpies (Vaults:3)
  A wolf spider (Vaults:1)
  11 salamanders
  3 oklob plants
  13 ugly things
  20 fauns
  12 cyclopes
  2 orc sorcerers
  A moth of wrath (shapeshifter) (Vaults:1)
  12 manticores
  6 vault sentinels
  11 guardian serpents
  14 merfolk sirens
  3 ice statues (IceCv)
  16 elephants
  17 naga magi
  3 water nymphs
  A gargoyle (D:11)
  40 black mambas
  7 spiny frogs
  A storm dragon simulacrum (Vaults:1)
  10 komodo dragons
  3 rime drakes
  An entropy weaver simulacrum (Vaults:1)
  2 freezing wraiths
  A tengu conjurer (D:13)
  18 yaktaurs
  6 meliai
  24 merfolk
  2 polar bears
  12 trolls
  3 wind drakes
  7 slime creatures
  10 hippogriffs
  10 dream sheep
  16 snapping turtles
  11 blink frogs
  A shadow (D:11)
  8 water elementals
  2 redbacks (Vaults:3)
  2 spriggans
  2 wraiths
  A vampire (D:12)
  2 tarantellas (shapeshifter) (Vaults:1)
  2 wyverns
  A tarantella (Vaults:3)
  93 yaks
  7 humans (D:13)
  3 basilisks
  2 human simulacra (Vaults:1)
  A hungry ghost (D:11)
  18 vampire mosquitoes
  5 wargs
  37 nagas
  A deep troll zombie (Vaults:3)
  A soldier ant (shapeshifter) (Vaults:2)
  A soldier ant (D:11)
  17 water moccasins
  8 porcupines
  10 ice beasts
  19 orc warriors
  An eye of draining (shapeshifter) (Vaults:3)
  2 black bears
  6 necrophages (Lair:3)
  A sky beast (D:13)
  18 ogres
  5 boggarts (Vaults:2)
  5 wolves (Lair:6)
  18 centaurs
  The ghost of Wiebster667 the Skirmisher, an amateur OpFi (D:6)
  6 crocodiles
  11 bullfrogs
  3 big kobolds
  A gnoll sergeant (D:11)
  A wyvern zombie (D:10)
  A wyvern skeleton (D:10)
  4 scorpions
  8 killer bees
  16 wights
  7 howler monkeys
  An electric eel (Lair:4)
  5 crimson imps
  3 bullfrog zombies
  A bullfrog skeleton (D:13)
  A centaur skeleton (D:8)
  3 jellies
  6 centaur zombies
  2 iguanas
  19 orc priests
  10 hounds
  25 orc wizards
  7 worker ants
  A killer bee zombie (D:10)
  A centaur simulacrum (D:6)
  2 hound zombies
  A hound skeleton (D:4)
  9 gnolls
  2 howler monkey skeletons
  13 adders
  3 river rats (Sewer)
  3 shadow imps
  A white imp (D:6)
  2 worker ant simulacra (D:6)
  An ooze (D:3)
  An adder skeleton (D:4)
  An adder zombie (D:6)
  3 worms
  A dart slug (D:2)
  2 adder simulacra (D:6)
  7 leopard geckos
  74 orcs
  7 bats
  7 giant cockroaches
  6 goblins
  5 hobgoblins
  7 jackals
  21 kobolds
  3 quokkas
  2 ball pythons
  4 frilled lizards
  A quokka skeleton (D:7)
  7 rats
  A bush (D:9)
  A fungus (Lair:1)
  5 plants
  4 tentacles
1204 creatures vanquished.

Vanquished Creatures (collateral kills)
  A kraken (Shoals:4)
  A merfolk javelineer (Shoals:3)
  A naga warrior (Snake:1)
  A hydra (Lair:4)
  A two-headed ogre (D:11)
  A naga sharpshooter (Snake:1)
  2 shock serpents
  A sea snake (Shoals:4)
  A salamander mystic (Snake:3)
  8 fauns
  A salamander (Snake:2)
  3 cyclopes (Orc:2)
  4 merfolk sirens
  A black mamba (Snake:4)
  A guardian serpent (Snake:4)
  2 naga magi
  3 gargoyles
  A spiny frog (Lair:1)
  4 merfolk
  2 trolls (D:9)
  2 wind drakes
  3 hippogriffs
  2 snapping turtles
  A dream sheep (Lair:4)
  2 blink frogs (Lair:4)
  A water elemental (Shoals:1)
  6 yaks
  2 nagas
  An orc warrior (D:8)
  A black bear (D:9)
  A centaur (D:12)
  A wolf (Lair:6)
  A crocodile (Lair:1)
  2 killer bees
  A scorpion (D:10)
  A crimson imp (D:9)
  2 orc priests (D:9)
  2 orc wizards (D:9)
  3 orcs
  3 tentacles
78 creatures vanquished.

Vanquished Creatures (others)
  A yaktaur captain (Vaults:1)
  A naga warrior (Snake:2)
  4 satyrs
  A two-headed ogre (Vaults:1)
  3 naga sharpshooters
  4 fauns
  3 naga magi
  5 yaktaurs
  A merfolk (Shoals:4)
  A centaur simulacrum (D:15)
  A human (D:13)
  2 centaurs
  A killer bee (D:12)
  2 orcs (Orc:2)
  6 fungi
  61 plants
  12 tentacles
109 creatures vanquished.

Grand Total: 1391 creatures vanquished

Notes
Turn   | Place    | Note
-------+----------+-------------------------------------------
     0 | D:1      | erloom the Ghoul Monk began the quest for the Orb.
     0 | D:1      | Reached XP level 1. HP: 19/19 MP: 0/0
   356 | D:1      | Reached XP level 2. HP: 26/26 MP: 1/1
   384 | D:1      | Reached skill level 4 in Unarmed Combat
   765 | D:2      | Reached XP level 3. HP: 26/31 MP: 2/2
   815 | D:2      | Found a snail-covered altar of Cheibriados.
  1141 | D:2      | Reached skill level 5 in Unarmed Combat
  1345 | D:3      | Found a radiant altar of Vehumet.
  1390 | D:3      | Found a faded altar of an unknown god.
  1390 | D:3      | Found a sacrificial altar of Ru.
  1411 | D:3      | Reached XP level 4. HP: 34/38 MP: 3/3
  1601 | D:3      | Reached skill level 6 in Unarmed Combat
  1639 | D:3      | Reached XP level 5. HP: 41/45 MP: 4/4
  2195 | D:4      | Noticed an ogre
  2621 | D:4      | Found a stormy altar of Qazlal.
  2969 | D:4      | Reached skill level 7 in Unarmed Combat
  3060 | D:4      | Killed an ogre
  3060 | D:4      | Reached XP level 6. HP: 9/51 MP: 5/5
  3119 | D:5      | Entered Level 5 of the Dungeon
  3151 | D:5      | Reached skill level 8 in Unarmed Combat
  3405 | D:5      | Reached skill level 1 in Slings
  3405 | D:5      | Reached XP level 7. HP: 56/57 MP: 6/6
  3469 | D:5      | Found a shimmering altar of Xom.
  3646 | D:5      | Found Gimmaeh's Distillery.
  3698 | D:5      | Reached skill level 9 in Unarmed Combat
  3721 | D:5      | Bought a potion of haste for 150 gold pieces
  3721 | D:5      | Bought a potion of heal wounds for 75 gold pieces
  3796 | D:5      | Found an ancient bone altar of Kikubaaqudgha.
  4129 | D:6      | Found a staircase to the Ecumenical Temple.
  4141 | Temple   | Entered the Ecumenical Temple
  4154 | Temple   | Became a worshipper of Makhleb the Destroyer
  4154 | Temple   | Reached * piety under Makhleb
  4154 | Temple   | Reached ** piety under Makhleb
  4188 | D:6      | Reached XP level 8. HP: 54/62 MP: 7/7
  4213 | D:6      | Reached skill level 1 in Armour
  4213 | D:6      | Reached skill level 1 in Shields
  4274 | D:6      | Found a glowing drain.
  4309 | Sewer    | Entered a sewer
  4472 | Sewer    | Found a white marble altar of Elyvilon.
  4614 | D:6      | Noticed Wiebster667's ghost (amateur OpFi)
  4993 | D:6      | Found a runed translucent gate.
  4993 | D:6      | Found a runed translucent gate.
  4993 | D:6      | Found a runed translucent gate.
  5251 | D:6      | Reached skill level 10 in Unarmed Combat
  5685 | D:7      | Reached skill level 1 in Invocations
  5685 | D:7      | Reached XP level 9. HP: 59/72 MP: 8/8
  5795 | D:7      | Reached *** piety under Makhleb
  6413 | D:8      | Reached skill level 5 in Fighting
  6879 | D:8      | Reached skill level 11 in Unarmed Combat
  7104 | D:8      | Found a shadowy altar of Dithmenos.
  7107 | D:8      | Found an iron altar of Okawaru.
  7293 | D:9      | Noticed a two-headed ogre
  7327 | D:9      | Found a staircase to the Lair.
  7368 | D:8      | Noticed a smoke demon
  7710 | D:9      | Reached XP level 10. HP: 51/81 MP: 11/11
  7781 | D:9      | Noticed a gargoyle
  7798 | D:9      | Killed a gargoyle
  7856 | D:9      | Found a staircase to the Orcish Mines.
  7951 | D:9      | Found a glowing silver altar of Zin.
  7977 | D:9      | Reached skill level 5 in Slings
  8033 | D:9      | Found a hazy altar of Hepliaklqana.
  8036 | D:9      | Found a hide-covered altar of Uskayaw.
  8039 | D:9      | Found a shattered altar of Ashenzari.
  8239 | D:9      | Reached **** piety under Makhleb
  8276 | D:9      | Found a blossoming altar of Fedhas.
  8298 | D:9      | Noticed an oklob plant
  8533 | D:10     | Entered Level 10 of the Dungeon
  8686 | D:10     | Reached skill level 12 in Unarmed Combat
  8708 | D:10     | Reached skill level 5 in Invocations
  8903 | D:10     | Noticed a gargoyle
  8911 | D:10     | Killed a gargoyle
  9673 | D:10     | Reached XP level 11. HP: 75/91 MP: 13/13
  9899 | D:11     | Reached skill level 13 in Unarmed Combat
 10030 | D:11     | Noticed a tengu warrior
 10045 | D:11     | Killed a tengu warrior
 10093 | D:11     | Reached skill level 5 in Armour
 10182 | D:11     | Found the +3 robe of Clouds {+Thunder rCloud rElec}
 10628 | D:11     | Noticed a two-headed ogre
 10639 | D:11     | Killed a two-headed ogre
 10808 | D:11     | Found a shattered altar of Ashenzari.
 10925 | D:11     | Reached skill level 5 in Shields
 10925 | D:11     | Reached skill level 14 in Unarmed Combat
 11083 | D:11     | Noticed a manticore
 11093 | D:11     | Killed a manticore
 11232 | Lair:1   | Entered Level 1 of the Lair of Beasts
 11321 | Lair:1   | Reached XP level 12. HP: 98/103 MP: 14/14
 11344 | Lair:1   | Noticed a seven-headed hydra
 11361 | Lair:1   | Killed a seven-headed hydra
 11658 | Lair:1   | Noticed Nergalle
 11681 | Lair:1   | Killed Nergalle
 12205 | Lair:2   | Reached ***** piety under Makhleb
 12205 | Lair:2   | Reached skill level 15 in Unarmed Combat
 12817 | Lair:2   | Noticed a five-headed hydra
 12826 | Lair:2   | Killed a five-headed hydra
 12826 | Lair:2   | Reached skill level 1 in Evocations
 13236 | Lair:3   | Reached skill level 10 in Fighting
 13328 | Lair:3   | Reached XP level 13. HP: 95/113 MP: 16/16
 13733 | Lair:3   | Found a staircase to the Snake Pit.
 13742 | Lair:3   | Reached skill level 16 in Unarmed Combat
 15432 | Lair:4   | Found a staircase to the Shoals.
 15435 | Lair:4   | Reached ****** piety under Makhleb
 15561 | Lair:5   | Upgraded the game from 0.25-a0-665-ga69d64035b to
                  | 0.25-a0-667-gb977e01cb5
 16010 | Lair:5   | Found a runed translucent door.
 16013 | Lair:5   | Noticed Bodu's ghost (journeyman NaFi)
 16081 | Lair:5   | Found a runed translucent door.
 16082 | Lair:5   | Found a viscous altar of Jiyva.
 16082 | Lair:5   | Noticed an acid blob
 16086 | Lair:5   | Found a staircase to the Slime Pits.
 16630 | Lair:6   | Entered Level 6 of the Lair of Beasts
 16873 | Lair:6   | Reached skill level 17 in Unarmed Combat
 16873 | Lair:6   | Reached XP level 14. HP: 121/121 MP: 18/18
 18241 | D:6      | Killed Wiebster667's ghost
 18512 | D:12     | Noticed Erolcha
 18531 | D:12     | Killed Erolcha
 19006 | D:12     | Noticed Urug
 19021 | D:12     | Killed Urug
 19596 | D:13     | Reached skill level 18 in Unarmed Combat
 19787 | D:13     | Reached XP level 15. HP: 119/126 MP: 21/21
 19853 | D:13     | Found a gate to the Vaults.
 20596 | D:14     | Reached skill level 10 in Invocations
 20730 | D:14     | Reached skill level 10 in Shields
 20793 | D:14     | Found the +8 glaive of the Guard {elec, +Rage AC+5 SInv}
 21325 | D:15     | Entered Level 15 of the Dungeon
 21487 | D:15     | Found a frozen archway.
 21650 | IceCv    | Entered an ice cave
 21987 | IceCv    | Got dazzling ice dragon scales
 22034 | IceCv    | Identified the +3 ice dragon scales "Moliaw" {-Tele rF-
                  | rC++ rN+ MR+ Dex+2} (You found it in an ice cave)
 22260 | D:15     | Noticed Kirke
 22281 | D:15     | Killed Kirke
 22281 | D:15     | Reached skill level 19 in Unarmed Combat
 22501 | D:15     | Found a staircase to the Depths.
 23023 | D:15     | Found a portal to a secret trove of treasure.
 23329 | Orc:1    | Entered Level 1 of the Orcish Mines
 23354 | Orc:1    | You fall into a shaft and drop 1 floor!
 23354 | Orc:2    | Entered Level 2 of the Orcish Mines
 23514 | Orc:2    | Found Niekkiuf's General Store.
 23653 | Orc:2    | Found Jumim's Jewellery Emporium.
 23702 | Orc:2    | Bought a +4 amulet of reflection for 459 gold pieces
 23709 | Orc:2    | Found Axkailo's Armour Shop.
 23724 | Orc:2    | Bought a +2 pair of boots of flying for 344 gold pieces
 23781 | Orc:2    | Found a staircase to the Elven Halls.
 23787 | Orc:2    | Found Cotom's Antique Weapon Shop.
 23807 | Orc:2    | Reached XP level 16. HP: 96/134 MP: 22/22
 23848 | Orc:2    | Found Zawoan's Antique Armour Boutique.
 23912 | Orc:2    | Bought a spiked chain mail for 247 gold pieces
 23912 | Orc:2    | Bought a pair of slimy gloves for 247 gold pieces
 23930 | Orc:2    | Identified the +7 chain mail of the Country {*Corrode +Fly
                  | rF+++ Dex-2} (You bought it in a shop on level 2 of the
                  | Orcish Mines)
 23950 | Orc:2    | Identified the +0 pair of gloves of Hedge Wizardry {rF+
                  | Regen+} (You bought it in a shop on level 2 of the Orcish
                  | Mines)
 24042 | Orc:2    | Bought a glowing scarf for 208 gold pieces
 24062 | Orc:2    | Bought an ichor-stained robe for 148 gold pieces
 24074 | Orc:2    | Identified the +2 robe "Cer Cue" {rF+} (You bought it in a
                  | shop on level 2 of the Orcish Mines)
 24552 | Orc:1    | Reached skill level 10 in Armour
 25047 | Shoals:1 | Entered Level 1 of the Shoals
 25353 | Shoals:1 | Found Irifuygg's General Store.
 25604 | Shoals:1 | Reached skill level 20 in Unarmed Combat
 26170 | Snake:1  | Entered Level 1 of the Snake Pit
 26172 | Snake:1  | Noticed Aizul
 26253 | Lair:3   | Killed Aizul
 26887 | Snake:1  | You are sucked into a shaft and drop 1 floor!
 26981 | Snake:1  | You are sucked into a shaft and drop 1 floor!
 27110 | Snake:2  | Noticed a nagaraja
 27125 | Snake:2  | Killed a nagaraja
 27325 | Snake:2  | Found Lsefuv's Luxury Loot.
 27544 | Snake:2  | Found a hazy altar of Hepliaklqana.
 27590 | Snake:2  | Noticed a nagaraja
 27596 | Snake:2  | Killed a nagaraja
 27724 | Snake:2  | Reached XP level 17. HP: 140/140 MP: 23/23
 27741 | Snake:2  | Reached skill level 21 in Unarmed Combat
 29514 | Snake:4  | Entered Level 4 of the Snake Pit
 30082 | Snake:4  | Reached skill level 5 in Dodging
 30255 | Snake:4  | Reached XP level 18. HP: 85/154 MP: 24/24
 30532 | Snake:4  | Found a hide-covered altar of Uskayaw.
 30594 | Snake:4  | Reached skill level 22 in Unarmed Combat
 31506 | Snake:4  | Got a serpentine rune of Zot
 31699 | Shoals:2 | Found Mahuraco's Food Boutique.
 31971 | Shoals:2 | Noticed Ilsuiw
 32025 | Shoals:2 | Killed Ilsuiw
 32666 | Shoals:3 | Found a runed translucent door.
 32678 | Shoals:3 | Noticed Taunn's ghost (journeyman DEFE)
 32693 | Shoals:3 | Killed Taunn's ghost
 33001 | Shoals:3 | HP: 7/156 [faun/+2 spear of flaming (4)]
 33529 | Shoals:4 | Entered Level 4 of the Shoals
 33729 | Shoals:4 | Reached XP level 19. HP: 96/163 MP: 25/25
 33890 | Shoals:4 | Found a hide-covered altar of Uskayaw.
 34255 | Shoals:4 | Got a barnacled rune of Zot
 34356 | Shoals:4 | Identified the +9 lajatang "Ynawkynk" {freeze, +Blink rElec
                  | Int-5 Dex+5}
 35055 | Shoals:4 | Found the +15 Maxwell's patent armour {-Cast -Tele rElec
                  | MR+ rCorr}
 35084 | Shoals:4 | Upgraded the game from 0.25-a0-667-gb977e01cb5 to
                  | 0.25-a0-668-gea548f19b6
 35146 | Shoals:4 | Found Wowa's Antique Armour Boutique.
 35154 | Shoals:4 | Bought a brightly glowing ring mail for 252 gold pieces
 35154 | Shoals:4 | Bought a polished chain mail for 266 gold pieces
 35166 | Shoals:4 | Identified the +5 ring mail "Gouzu" {rElec rPois Str+5
                  | Int-3} (You bought it in a shop on level 4 of the Shoals)
 35183 | Shoals:4 | Identified the +8 chain mail of the Loofah {*Slow rPois rF-
                  | Regen+} (You bought it in a shop on level 4 of the Shoals)
 35868 | Lair:5   | Killed Bodu's ghost
 36471 | Vaults:1 | Entered Level 1 of the Vaults
 37672 | Vaults:1 | Reached XP level 20. HP: 174/174 MP: 26/26
 38693 | Vaults:2 | You are sucked into a shaft and drop 1 floor!
 39337 | Vaults:3 | Mangled by a deep troll

Levels and vault maps discovered:
D:1:      saegor_arrival_simple_d, layout_basic
D:2:      layout_basic, cheibriados_altar_1, minmay_misc_feat_nine_boxes,
          grunt_decor_fettered, hangedman_feature_mirror, grunt_ministairs_1
D:3:      layout_loops_ring, vehumet_crystals, chequers_ecumenical_altar_island,
          chequers_serial_rivers_micro_e, hangedman_ru_absence
D:4:      layout_gridville, nicolae_qazlal_general_emergency
D:5:      layout_basic, kiku_gazebo_garden_becter, xom_teletrap_fun,
          first_ration, serial_shops, shop
D:6:      layout_loops_ring, minmay_temple_entry_steel_oval,
          cheibrodos_sewer_entry_bend, gammafunk_ghost_icy, minmay_between
D:7:      layout_loops_ring
D:8:      layout_rooms, minitemple
D:9:      layout_rooms, zin_scriptorium, grunt_temple_overflow_diamond,
          erik_lair_orcish_takeover, tgw_fedhas
D:10:     layout_basic, serial_rivers, chequers_serial_rivers_small_a,
          chequers_serial_rivers_micro_b, chequers_serial_rivers_micro_d,
          chequers_serial_rivers_micro_c, grunt_pizzeria
D:11:     minmay_wavy_crystal, layout_layer_cave, basic_altar
D:12:     layout_small_grid, chequers_serial_rivers_micro_a, uniq_urug,
          uniq_erolcha
D:13:     layout_basic, ximxim_vaults_locker_room, kennysheep_small_spiral,
          lemuel_flamethrower_3
D:14:     layout_basic, minmay_misc_feat_roman
D:15:     grunt_enter_depths_hoard, layout_loops_corners, enter_trove_6,
          portal_ice_cave_rime, grunt_decor_resistance, item_on_display_a,
          uniq_kirke
Temple:   minmay_temple_curvy_loop
Lair:1:   layout_regular_city, beast_lair_carwin_2, uniq_nergalle
Lair:2:   layout_regular_city, serial_bayou_pond_e, minmay_lair_oklob_chamber,
          grunt_megastairs_3
Lair:3:   layout_hall_layers, minmay_snake_entry_six_corridors,
          chequers_serial_rivers_large_a, roderic_carrion_pond,
          lemuel_fruit_fields
Lair:4:   layout_regular_city, minmay_shoals_entry_hut
Lair:5:   layout_cave_pods, slime_altar_2, ebering_ghost_inner_flame,
          infiniplex_staircase_pool_2
Lair:6:   grunt_lair_end_beastmaster, layout_gridlike,
          grunt_forest_large_clearing_hut, grunt_megastairs_4
Shoals:1: layout_shoals, serial_shops, nicolae_shop_statue_plus, overgrown_hall
Shoals:2: layout_shoals, serial_shops, shop, nicolae_shoals_isolated_beach,
          uniq_ilsuiw
Shoals:3: layout_shoals, ebering_ghost_reflecting_pool, ldierk_geyser
Shoals:4: shoals_end_grunt_garden, layout_shoals, serial_shops, shop,
          regret_index_shoals_crete
Snake:1:  layout_rooms, nicolae_snake_single_loop, uniq_aizul
Snake:2:  layout_chambers, basic_altar, drop_trap, nicolae_alphabet_shops
Snake:3:  layout_chambers
Snake:4:  grunt_snake_rune_serpentine_throne, layout_cave_town, basic_altar
Orc:1:    layout_caves
Orc:2:    grunt_orc_gardens, layout_diamond_mine, grunt_orc_garden,
          grunt_orc_garden, grunt_orc_garden, grunt_orc_garden, serial_shops,
          shop
Vaults:1: ontoclasm_vaults_shuriken, ontoclasm_vaults_ring_square, v_misc_33,
          nicolae_vaults_border_crossing, v_misc_3,
          nicolae_vaults_halls_meeting, ontoclasm_vaults_fault, v_misc_12,
          dpeg_vaults_monster_box, vaults_room_grunt_arrival_ludios,
          nicolae_vaults_shelves_hall, layout_vaults_chaotic_city
Vaults:2: ebering_vaults_ghost_reflecting_pool,
          nicolae_vaults_ring_of_whatevers, minmay_crypt_entry_simple_sparse,
          v_pattern_5, vaults_mumra_hexcomb, hangedman_vaults_corner,
          v_alt_pattern_6, nicolae_vaults_alarming, hangedman_vaults_nodes,
          v_misc_24, layout_vaults_omnigrid, serial_shops, shop
Vaults:3: ontoclasm_vaults_pinch, nicolae_vaults_back_hallway,
          vaults_dpeg_hooks, hangedman_vaults_capsules, vaults_room_hallway,
          hangedman_vaults_stream, vaults_room_boxed, v_misc_29,
          nicolae_vaults_network_s, vaults_room_hangedman_quadrants,
          v_alt_pattern_5, ontoclasm_vaults_gateway,
          nicolae_vaults_specimen_jars, layout_vaults_maze_bifur

Skill      XL: |  1  2  3  4  5  6  7  8  9 10 11 12 13 14 15 16 17 18 19 20 |
---------------+-------------------------------------------------------------+-----
Unarmed Combat | 4 5 6 7 8 9 10 11 12 14 15 17 18 19 20 21 22 | 22.7
Slings         | 1 2 3 4 5 7 8 |  8.0
Armour         | 2 4 5 7 8 9 10 11 | 11.8
Dodging        | 3 5 7 8 9 |  9.4
Shields        | 3 4 5 7 8 9 10 11 12 13 14 | 14.0
Fighting       | 4 5 6 8 10 11 13 14 | 14.8
Invocations    | 1 3 5 7 9 10 | 10.0
Evocations     | 1 2 |  2.0
Stealth        | |  2.1

Action                   |  1- 3 |  4- 6 |  7- 9 | 10-12 | 13-15 | 16-18 | 19-21 || total
-------------------------+-------+-------+-------+-------+-------+-------+-------++-------
Melee: Unarmed           |    74 |   111 |   389 |   587 |  1808 |  1842 |  1115 ||  5926
       Punch             |       |     4 |       |       |       |       |       ||     4
 Fire: Hunting sling     |    23 |    35 |   130 |   222 |    97 |     1 |       ||   508
       Fustibalus        |       |       |       |       |       |       |   113 ||   113
Throw: Dart              |       |       |     5 |       |       |       |       ||     5
       Boomerang         |       |       |       |     4 |       |       |       ||     4
       Stone             |       |       |       |       |       |     1 |       ||     1
Invok: Lesser Servant of |       |       |     4 |    12 |    16 |    40 |     4 ||    76
Evoke: Wand              |       |       |       |     2 |     6 |     1 |       ||     9
  Use: Scroll            |     9 |     5 |    10 |     4 |    10 |     9 |     4 ||    51
       Potion            |       |       |     1 |       |     1 |     9 |       ||    11
 Stab: Distracted        |       |       |       |     2 |     5 |    10 |     3 ||    20
       Invisible         |       |       |       |       |     7 |       |       ||     7
       Petrified         |       |       |       |       |     1 |       |       ||     1
  Eat: Chunk             |    14 |    11 |    22 |    53 |    98 |   140 |    42 ||   380
       Ration            |       |       |       |       |       |       |     1 ||     1
Armor: Robe              |     3 |       |       |       |       |       |       ||     3
       Leather armour    |     6 |       |       |       |       |       |       ||     6
       Scale mail        |     6 |    34 |       |       |       |       |       ||    40
       Chain mail        |       |     9 |       |       |       |   621 |   243 ||   873
       Plate armour      |       |       |   213 |   218 |   757 |     4 |       ||  1192
Dodge: Dodged            |    44 |    25 |    84 |    57 |   187 |   350 |   191 ||   938
Block: Buckler           |       |       |    61 |    30 |       |       |       ||    91
       Kite shield       |       |       |       |   167 |   960 |  1455 |   647 ||  3229
       Reflection        |       |       |       |       |     1 |   199 |   102 ||   302

Table legend:
 A = Non-vault XP
 B = Vault XP
 C = Vault XP percentage of total XP
 D = Non-vault monster count
 E = Vault monster count
 F = Vault count percentage of total count
                 A         B        C        D         E       F
            +---------+---------+-------+---------+---------+-------
      Total |  268098 |  171646 |  39.0 |     952 |     342 |  26.4
            +---------+---------+-------+---------+---------+-------
        D:1 |      19 |       0 |   0.0 |      11 |       0 |   0.0
        D:2 |      33 |      11 |  25.0 |      17 |       4 |  19.0
        D:3 |     114 |       0 |   0.0 |      25 |       0 |   0.0
        D:4 |     243 |       0 |   0.0 |      12 |       0 |   0.0
        D:5 |     672 |       0 |   0.0 |      24 |       0 |   0.0
        D:6 |    1000 |     484 |  32.6 |      19 |      13 |  40.6
        D:7 |     622 |       0 |   0.0 |      16 |       0 |   0.0
        D:8 |    1186 |     115 |   8.8 |      26 |       1 |   3.7
        D:9 |    1708 |    1032 |  37.7 |      26 |       9 |  25.7
       D:10 |    2731 |     220 |   7.5 |      25 |       1 |   3.8
       D:11 |    5769 |    1652 |  22.3 |      45 |       3 |   6.2
       D:12 |    5926 |    1389 |  19.0 |      38 |       2 |   5.0
       D:13 |   12541 |    5326 |  29.8 |      56 |      11 |  16.4
       D:14 |    8162 |       0 |   0.0 |      31 |       0 |   0.0
       D:15 |   11739 |    4644 |  28.3 |      33 |       5 |  13.2
     Lair:1 |    3818 |    2044 |  34.9 |      17 |       5 |  22.7
     Lair:2 |    5716 |    2721 |  32.3 |      25 |       9 |  26.5
     Lair:3 |    6517 |    4479 |  40.7 |      24 |      19 |  44.2
     Lair:4 |    7992 |     247 |   3.0 |      35 |       1 |   2.8
     Lair:5 |    5755 |    4349 |  43.0 |      27 |       3 |  10.0
     Lair:6 |    9051 |    9478 |  51.2 |      28 |      22 |  44.0
   Shoals:1 |   12461 |     565 |   4.3 |      32 |       1 |   3.0
   Shoals:2 |    7549 |    5726 |  43.1 |      20 |      10 |  33.3
   Shoals:3 |   14515 |    2507 |  14.7 |      33 |       4 |  10.8
   Shoals:4 |   15369 |   23114 |  60.1 |      33 |      41 |  55.4
    Snake:1 |   13514 |       0 |   0.0 |      25 |       0 |   0.0
    Snake:2 |   23661 |       0 |   0.0 |      34 |       0 |   0.0
    Snake:3 |   19476 |       0 |   0.0 |      37 |       0 |   0.0
    Snake:4 |   28282 |   43435 |  60.6 |      54 |      62 |  53.4
      Orc:1 |    2734 |       0 |   0.0 |      22 |       0 |   0.0
      Orc:2 |    2562 |    7755 |  75.2 |      33 |      12 |  26.7
   Vaults:1 |   16042 |   29984 |  65.1 |      35 |      47 |  57.3
   Vaults:2 |    7581 |    3276 |  30.2 |      14 |       6 |  30.0
   Vaults:3 |   13038 |   13792 |  51.4 |      20 |      29 |  59.2
      Sewer |       0 |     146 | 100.0 |       0 |      11 | 100.0
      IceCv |       0 |    3155 | 100.0 |       0 |      11 | 100.0
            +---------+---------+-------+---------+---------+-------
